 Dungeon Crawl Stone Soup version 0.17-a0-755-g4391640 (webtiles) character file.

44 oplop the Gusty (level 3, -2/19 HPs)
             Began as a Tengu Air Elementalist on Apr 22, 2015.
             Slain by Terence
             ... wielding a +0 mace of crushing
              (9 damage)
             ... on level 2 of the Dungeon.
             The game lasted 00:03:24 (1255 turns).

oplop the Gusty (Tengu Air Elementalist)            Turns: 1255, Time: 00:03:24

Health: -2/19      AC:  2    Str:  8    XL:     3   Next: 60%
Magic:  0/7        EV: 12    Int: 16    God:
Gold:   133        SH:  0    Dex: 14    Spells: 3 memorised, 1 level left

rFire  . . .     SeeInvis .     (no weapon)
rCold  + . .     Clarity  .     a - +0 robe
rNeg   . . .     SustAb   .     (no shield)
rPois  .         Gourm    .     (helmet restricted)
rElec  .         Spirit   .     (no cloak)
rCorr  .         Warding  .     (no gloves)
rMut   .         Stasis   .     (boots unavailable)
MR     .....                    (no amulet)
Stlth  ++........               (no ring)
                                d - ring of protection from cold

@: not resistant to hostile enchantments, unstealthy
A: beak, talons 3
a: no special abilities


You were on level 2 of the Dungeon.
You were very hungry.

You visited 1 branch of the dungeon, and saw 2 of its levels.

You collected 133 gold pieces.

Inventory:

Armour
 a - a +0 robe (worn)
Jewellery
 d - a ring of protection from cold (left hand)
 l - an uncursed amulet of the gourmand {unknown}
Scrolls
 e - 6 scrolls of identify {unknown}
 h - a scroll of immolation {unknown}
 i - a scroll of amnesia {unknown}
 k - a scroll of magic mapping {unknown}
 n - 2 scrolls of fear {unknown}
 p - a scroll of random uselessness {unknown}
Potions
 f - a potion of flight {unknown}
 m - 2 potions of curing {unknown}
Books
 b - a book of Air

   Spells                             Type                      Level
   a - Shock                          Conjuration/Air              1
   b - Swiftness                      Charms/Air                   2
   c - Repel Missiles                 Charms/Air                   2
   d - Flight                         Charms/Air                   3
   e - Static Discharge               Conjuration/Air              3
   f - Lightning Bolt                 Conjuration/Air              5
Comestibles
 c - 2 bread rations
 g - a meat ration
 j - 4 fruits


   Skills:
 - Level 2.1 Dodging
 - Level 2.0 Stealth
 + Level 2.5 Spellcasting
 + Level 2.9 Conjurations
 + Level 4.7 Air Magic


You had one spell level left.
You knew the following spells:

 Your Spells              Type           Power        Failure   Level  Hunger
a - Shock                 Conj/Air       ##..         6%          1    #......
b - Swiftness             Chrm/Air       #.......     14%         2    ##.....
c - Static Discharge      Conj/Air       ##......     14%         3    ###....


Dungeon Overview and Level Annotations

Branches:
Dungeon (2/15)

Altars:
Fedhas
Sif Muna

Annotations:
D:2 Terence


Innate Abilities, Weirdness & Mutations

You have a beak for a mouth.
You have claws for feet.


Message History

You don't have enough magic to cast that spell.
Casting: Static Discharge
Confirm with . or Enter, or press ? or * to list all spells.
Aiming: Shock
Press: ? - help, Shift-Dir - straight line, f - Terence
Aim: Terence, wielding a mace of crushing and wearing a chain mail (almost dead) That beam is likely to hit you.
Continue anyway?
The zap misses Terence.
The zap hits Terence.
Terence appears unharmed.
Terence is almost dead.
The zap hits you!
Terence hits you with a mace of crushing.
Casting: Shock
Confirm with . or Enter, or press ? or * to list all spells.
Aiming: Shock
Press: ? - help, Shift-Dir - straight line, f/p - Terence
Aim: Terence, wielding a mace of crushing and wearing a chain mail (almost dead)
The zap misses Terence.
You are feeling very hungry.
Terence hits you with a mace of crushing!
You die...

#####.#.# #.....#.#
#.....#.# #.......#
#..(....#######
#......>......#
#.............##########
#......@......##........
#.....#@########.######.
#.....#.# #.......# #...
#######.# #.####..#####.
#.###.## #........
#.#....# #.#######
#.#.#..###.#
#..........#
###.######## #.#


You could see Terence.

Vanquished Creatures
  2 worms (D:2)
  A giant gecko (D:2)
  4 bats
  2 giant cockroaches (D:1)
  2 goblins (D:2)
  2 hobgoblins (D:2)
  5 jackals (D:2)
  A quokka (D:1)
  A ball python (D:2)
  4 giant newts
  7 kobolds
  5 rats
36 creatures vanquished.

Notes
Turn   | Place    | Note
--------------------------------------------------------------
     0 | D:1      | oplop, the Tengu Air Elementalist, began the quest for the Orb.
     0 | D:1      | Reached XP level 1. HP: 10/10 MP: 4/4
   207 | D:1      | Reached XP level 2. HP: 15/15 MP: 3/6
   824 | D:2      | Found a deep blue altar of Sif Muna.
   848 | D:2      | Reached XP level 3. HP: 19/19 MP: 2/7
   981 | D:2      | Found a blossoming altar of Fedhas.
  1154 | D:2      | Noticed Terence
  1188 | D:1      | Learned a level 2 spell: Swiftness
  1192 | D:1      | Learned a level 3 spell: Static Discharge
  1255 | D:2      | Slain by Terence

Action                   || total
-------------------------++-------
Melee: Unarmed           ||    14
 Cast: Shock             ||    67
       Static Discharge  ||     2
  Eat: Chunk             ||     1
